 Dungeon Sprint DCSS version 0.17-a0-1646-geb1493d (webtiles) character file.

8716 Kidiri the Unseen (level 11, -1/47 HPs)
             Began as a Spriggan Enchanter on Aug 10, 2015.
             Was an Initiate of Dithmenos.
             Slain by a tentacle (22 damage)
             ... attached to a kraken
             ... in the Dungeon (Sprint II: "The Violet Keep of Menkaure").
             The game lasted 00:12:33 (1439 turns).

Kidiri the Unseen (Spriggan Enchanter)              Turns: 1439, Time: 00:12:33

Health: -1/47      AC:  4    Str:  2 (4)  XL:     11   Next: 13%
Magic:  16/28      EV: 33    Int: 24      God:    Dithmenos [......]
Gold:   383        SH:  0    Dex: 22      Spells: 5 memorised, 22 levels left

rFire  + . .     SeeInvis +     a - +1 dagger
rCold  + + .     Clarity  .     b - +2 robe
rNeg   . . .     SustAt   .     (shield restricted)
rPois  +         Gourm    .     (helmet restricted)
rElec  +         Spirit   .     (no cloak)
rCorr  +         Warding  .     (gloves unavailable)
rMut   .         NoTele   +     (boots unavailable)
MR     ++...                    (no amulet)
Stlth  +++++++...               e - +4 ring of dexterity
                                c - ring of Ojahinaz {*Drain +Inv rPois rC+ MR+}

@: brilliant, resistant, flying, very quick, very resistant to hostile
enchantments, extremely stealthy
A: unfitting armour, see invisible, herbivore 3, speed 3, slow metabolism 2
a: Renounce Religion, Evoke Invisibility


You were in the Dungeon.
You worshipped Dithmenos.
Dithmenos was noncommittal.
You were not hungry.

You visited 1 branch You collected 1190 gold pieces.
You spent 807 gold pieces at shops.

Inventory:

Hand weapons
 a - a +1 dagger (weapon)
Armour
 b - a +2 robe (worn)
Jewellery
 c - the ring of Ojahinaz (left hand) {*Drain +Inv rPois rC+ MR+}
   (You bought it in a shop in the Dungeon)

   [ring of protection from cold]

   It protects you from cold.
   It protects you from poison.
   It affects your resistance to hostile enchantments.
   It lets you turn invisible.
   It causes draining when unequipped.
 e - a +4 ring of dexterity (right hand)
Scrolls
 j - 2 scrolls of blinking
 l - 3 scrolls of remove curse
 v - 2 scrolls of magic mapping
Potions
 g - a potion of haste
 h - 5 potions of magic
 k - 2 potions of heal wounds
 p - a potion of might
 t - 5 potions of flight
 w - 2 potions of resistance
Comestibles
 d - 3 bread rations


   Skills:
 + Level 8.0 Short Blades
 * Level 14.4 Dodging
 * Level 15.6 Stealth
 * Level 12.3 Spellcasting
 + Level 4.1 Conjurations
 + Level 9.5 Hexes
 + Level 4.8 Ice Magic
 + Level 2.4 Invocations
 + Level 5.5 Evocations


You had 22 spell levels left.
You knew the following spells:

 Your Spells              Type           Power        Failure   Level  Hunger
a - Corona                Hex            ######.      1%          1    None
b - Ensorcelled Hibernat  Hex/Ice        ######       1%          2    None
c - Confuse               Hex            ######..     1%          3    None
d - Tukima's Dance        Hex            ######..     1%          3    None
e - Dazzling Spray        Conj/Hex       ######..     1%          3    None


Dungeon Overview and Level Annotations

Branches:
Dungeon (1/1)

Altars:
Cheibriados
Dithmenos
Elyvilon
Fedhas
Gozag
Kikubaaqudgha
Makhleb
Nemelex Xobeh
Okawaru
Qazlal
Ru
Sif Muna
Trog
Vehumet
Xom
Yredelemnul
Zin
The Shining One
Beogh
Jiyva
Lugonu

Shops:
D [?:=!:=([:?%!![}

Annotations:
D exclusions: obsidian statue and oklob plant


Innate Abilities, Weirdness & Mutations

You are tiny and cannot use many weapons and most armour.
You have supernaturally acute eyesight.
You are a herbivore.
You cover ground extremely quickly.
You need consume almost no food.


Message History

Press: ? - help, Shift-Dir - straight line, f/p - kraken
Aim: a kraken (water, lightly wounded)
The spray of energy hits the tentacle.
The tentacle is heavily wounded.
The spray of energy hits the tentacle.
The tentacle is moderately wounded.
The tentacle misses you. The tentacle completely misses you.
The tentacle misses you. The tentacle completely misses you.
Casting: Dazzling Spray
Confirm with . or Enter, or press ? or * to list all spells.
Aiming: Ensorcelled Hibernation
Press: ? - help, Shift-Dir - straight line, f/p - kraken
Aim: a kraken (water, lightly wounded, chance to defeat MR: 37%)
The tentacle is unaffected.
The tentacle completely misses you. The tentacle barely misses you.
The tentacle slaps you!! The tentacle completely misses you.
The tentacle completely misses you.
There is an open door here.
The tentacle slaps you!!
You die...

,,*,*#}:▓▓▓▓▓▓▓▓▓▓▓*+**,*,+≈,,≈+,
,,*,,#§)▓(.[....?▓▓,,,*,*,+≈,,≈+,
#.*,,#=:▓......[.▓▓,⌠,*,*,+≈,,≈+,
+.##.#§"▓[.[...[.▓▓,,,*,*,+≈,,≈+,
*...####▓..(..((.▓▓,,,*,*,+≈,,≈+,
*#..##)#▓.%...[(.▓▓,,,*,*,+≈,,≈+,
,+..#.%#▓..[.(...▓▓,,,*,*,+≈,,≈+,
,#..#%%#▓(.)(..[.▓▓,⌠,*,*,*≈,,≈*,
##..##.#▓.)..[.(@▓▓,,,*,*,*≈,,≈*,
###.^.##▓▓▓▓▓▓▓w▓▓▓▓+▓*,***≈,,≈**
..≈≈≈≈≈≈≈≈≈≈≈≈≈.**Xw≈▓,,,,,,,,**
..≈#+########+###w≈w≈▓,,,,,,,**
§.≈#........#≈§≈##≈≈≈▓,,,,,,**
≈.≈#._.⌠....#≈§§≈####▓****≈**
≈§≈#_._._...#§§§§§#*,,*,,*≈*
≈≈≈#._._._..#≈§≈≈§§*,,*,,*≈*
§§≈#_._._._.#§≈§≈§§+,,+,,*≈*


You could see a kraken and 4 tentacles.

Vanquished Creatures
  A siren (D)
  A yaktaur (D)
  3 polar bears (D)
  2 boulder beetles (D)
  A vampire mosquito (D)
  A wasp (D)
  4 necrophages (D)
  2 crocodiles (D)
  3 worms (D)
18 creatures vanquished.

Vanquished Creatures (others)
  Menkaure (D)
  4 tentacles (D)
  129 tentacle segments (D)
134 creatures vanquished.

Grand Total: 152 creatures vanquished

Notes
Turn   | Place    | Note
--------------------------------------------------------------
     0 | D        | Kidiri the Spriggan Enchanter began the quest for the Orb.
     0 | D        | Reached XP level 1. HP: 9/9 MP: 5/5
     1 | D        | Noticed a boulder beetle
     1 | D        | Noticed a boulder beetle
     4 | D        | Noticed a necrophage
     4 | D        | Noticed a necrophage
     4 | D        | Noticed a necrophage
     4 | D        | Noticed a necrophage
    15 | D        | Killed a necrophage
    15 | D        | Reached skill level 6 in Dodging
    15 | D        | Reached skill level 7 in Stealth
    15 | D        | Reached skill level 5 in Spellcasting
    15 | D        | Reached skill level 5 in Hexes
    15 | D        | Reached XP level 2. HP: 8/13 MP: 5/9
    15 | D        | Reached XP level 3. HP: 10/16 MP: 6/11
    15 | D        | Reached XP level 4. HP: 12/21 MP: 6/12
    21 | D        | Killed a necrophage
    21 | D        | Reached skill level 8 in Dodging
    21 | D        | Reached skill level 9 in Stealth
    21 | D        | Reached XP level 5. HP: 12/24 MP: 6/15
    36 | D        | Killed a necrophage
    36 | D        | Reached skill level 10 in Stealth
    62 | D        | Learned a level 2 spell: Ensorcelled Hibernation
    69 | D        | Learned a level 3 spell: Confuse
    76 | D        | Killed a necrophage
    76 | D        | Reached skill level 5 in Short Blades
    76 | D        | Reached skill level 11 in Stealth
    76 | D        | Reached skill level 1 in Ice Magic
    76 | D        | Reached XP level 6. HP: 12/28 MP: 12/18
    88 | D        | Learned a level 3 spell: Tukima's Dance
    92 | D        | Learned a level 3 spell: Dazzling Spray
   115 | D        | Killed Menkaure
   273 | D        | Noticed a siren
   285 | D        | Reached skill level 10 in Dodging
   300 | D        | Killed a siren
   300 | D        | Reached skill level 12 in Stealth
   300 | D        | Reached skill level 1 in Conjurations
   300 | D        | Reached XP level 7. HP: 32/32 MP: 19/21
   610 | D        | Noticed an obsidian statue
   623 | D        | Found Guuzaclu's Food Emporium.
   623 | D        | Found Cuciy's Distillery.
   623 | D        | Found Doubinio's Antique Armour Shoppe.
   623 | D        | Found Matog's Gadget Emporium.
   623 | D        | Found Uruuzer's Magic Scroll Shoppe.
   623 | D        | Found Moshy's Distillery.
   623 | D        | Found Zextocy's Armour Shoppe.
   624 | D        | Found Qeowudgh's Book Emporium.
   624 | D        | Found Fiwouvva's Antique Weapon Shoppe.
   625 | D        | Found Gonakh's Jewellery Shoppe.
   625 | D        | Found Lumot's Book Emporium.
   625 | D        | Noticed a yak
   627 | D        | Found Axteymo's Distillery.
   627 | D        | Found Yssakur's Jewellery Shoppe.
   627 | D        | Noticed a crocodile
   627 | D        | Noticed a yak
   627 | D        | Noticed a yak
   627 | D        | Noticed an oklob plant
   647 | D        | Noticed an orange crystal statue
   651 | D        | Killed a crocodile
   678 | D        | Killed a boulder beetle
   678 | D        | Reached skill level 13 in Stealth
   678 | D        | Reached skill level 10 in Spellcasting
   708 | D        | Found Noduf's Magic Scroll Shoppe.
   708 | D        | Found Lysemp's Book Shoppe.
   708 | D        | Found Xiduc's Antique Armour Emporium.
   710 | D        | Noticed a hell hog
   711 | D        | Noticed a hell hog
   734 | D        | Noticed a polar bear
   771 | D        | Bought a potion of mutation for 35 gold pieces
   771 | D        | Gained mutation: Your muscles are strong. (Str +2) [potion of mutation]
   771 | D        | Gained mutation: You are partially covered in yellow scales (AC +2). [potion of mutation]
   771 | D        | Gained mutation: Your spells are a little harder to cast, but a little more powerful. [potion of mutation]
   775 | D        | Bought the ring of Ojahinaz {*Drain +Inv rPois rC+ MR+} for 475 gold pieces
   775 | D        | Bought a +4 ring of dexterity for 297 gold pieces
   791 | D        | Noticed a vampire mosquito
   799 | D        | Killed a vampire mosquito
   799 | D        | Reached skill level 1 in Evocations
   799 | D        | Reached XP level 8. HP: 28/36 MP: 17/23
   843 | D        | Found an iron altar of Okawaru.
   844 | D        | Found an opulent altar of Gozag.
   845 | D        | Noticed a crocodile
   848 | D        | Killed a crocodile
   849 | D        | Found a stormy altar of Qazlal.
   849 | D        | Found a viscous altar of Jiyva.
   850 | D        | Found a shadowy altar of Dithmenos.
   850 | D        | Found a shimmering altar of Xom.
   899 | D        | Found a deep blue altar of Sif Muna.
   899 | D        | Found a sparkling altar of Nemelex Xobeh.
   899 | D        | Found a glowing golden altar of the Shining One.
   900 | D        | Found a radiant altar of Vehumet.
   900 | D        | Found a basalt altar of Yredelemnul.
   900 | D        | Found a corrupted altar of Lugonu.
   900 | D        | Found a roughly hewn altar of Beogh.
   901 | D        | Found a blossoming altar of Fedhas.
   901 | D        | Found a glowing silver altar of Zin.
   902 | D        | Found a snail-covered altar of Cheibriados.
   904 | D        | Noticed a yaktaur
   904 | D        | Noticed a wasp
   904 | D        | Noticed a polar bear
   905 | D        | Noticed a polar bear
   905 | D        | Noticed a polar bear
   906 | D        | Killed a polar bear
   907 | D        | Killed a polar bear
   907 | D        | Reached skill level 14 in Stealth
   909 | D        | Killed a wasp
   911 | D        | Killed a yaktaur
   916 | D        | Killed a polar bear
   916 | D        | Reached XP level 9. HP: 39/39 MP: 21/25
   942 | D        | Found a burning altar of Makhleb.
   947 | D        | HP: 1/39 [boulder beetle (38)]
   950 | D        | Noticed a crocodile
   955 | D        | Noticed a crocodile
   959 | D        | Killed a boulder beetle
  1084 | D        | Found a bloodstained altar of Trog.
  1085 | D        | Found a sacrificial altar of Ru.
  1085 | D        | Found a white marble altar of Elyvilon.
  1085 | D        | Found an ancient bone altar of Kikubaaqudgha.
  1088 | D        | Became a worshipper of Dithmenos the Shadowed
  1100 | D        | Noticed a kraken
  1423 | D        | Lost mutation: Your spells are a little harder to cast, but a little more powerful. [potion of cure mutation]
  1423 | D        | Lost mutation: Your muscles are strong. (Str +2) [potion of cure mutation]
  1423 | D        | Lost mutation: You are partially covered in yellow scales (AC +2). [potion of cure mutation]
  1424 | D        | Reached skill level 15 in Stealth
  1424 | D        | Reached skill level 1 in Invocations
  1424 | D        | Reached skill level 5 in Evocations
  1424 | D        | Reached XP level 10. HP: 44/44 MP: 25/27
  1425 | D        | Reached XP level 11. HP: 47/47 MP: 25/28
  1439 | D        | Slain by a tentacle

Vault maps used:
D:        the_violet_keep_of_menkaure

Action                   |  1- 3 |  4- 6 |  7- 9 | 10-12 || total
-------------------------+-------+-------+-------+-------++-------
Melee: Dagger            |     9 |    36 |    41 |       ||    86
 Cast: Confuse           |       |     1 |     7 |       ||     8
       Ensorcelled Hiber |       |       |     6 |     3 ||     9
       Dazzling Spray    |       |       |     1 |     2 ||     3
  Use: Potion            |     1 |     1 |     5 |     4 ||    11
       Scroll            |       |       |     7 |       ||     7
 Stab: Confused          |       |     1 |    10 |       ||    11
       Sleeping          |       |     4 |     6 |       ||    10
